Flyers vs Maple Leafs

Created - 17 novembre 2012 at 19:04

Goals
1 2 3 OT1 SO T
Flyers 2 1 0 0 2 4
Maple Leafs 2 0 1 0 1 3
Shots
1 2 3 OT1 SO T
Flyers 9 11 9 0 5 29
Maple Leafs 15 12 9 1 5 37

1st period

1. Flyers , Loui Eriksson 3 (Marcel Goc, Radek Dvorak) at 3:58
2. Maple Leafs , Dustin Penner 1 (Brad Boyes, Derek Roy) at 5:26 (PP)
3. Flyers , Marc Savard 1 (Miroslav Satan, Andrei Kostitsyn) at 5:32
4. Maple Leafs , Peter Forsberg 1 (Claude Giroux) at 8:45

Penalties :
Mike Lundin (Phi) for Hooking (Minor) at 5:14, Nolan Pratt (Phi) for Holding Stick (Minor) at 13:38

2nd period

5. Flyers , Marc Savard 2 (Mike Lundin) at 1:25

Penalties :
Pavel Vorobiev (Phi) for Hooking (Minor) at 6:58

3rd period

6. Maple Leafs , Peter Forsberg 2 (Claude Giroux) at 19:53

Penalties :
Derek Roy (Tor) for Roughing (Minor) at 4:20, Zach Parise (Tor) for Roughing (Minor) at 10:08

Overtime #1

No Goal

Penalties :
No Penalty

Shootout

Penalty Shot by Marc Savard for Flyers - Shot Misses the Net
Penalty Shot by Peter Forsberg for Maple Leafs - Goal!
Penalty Shot by Simon Gagné for Flyers - Goal!
Penalty Shot by Claude Giroux for Maple Leafs - Shot Misses the Net
Penalty Shot by Jeff O'Neill for Flyers - Shot Misses the Net
Penalty Shot by Zach Parise for Maple Leafs - Stopped by Ray Emery
Penalty Shot by Pavel Vorobiev for Flyers - Stopped by Marc-André Fleury
Penalty Shot by Brad Boyes for Maple Leafs - Stopped by Ray Emery
Penalty Shot by Loui Eriksson for Flyers - Goal!
Penalty Shot by Derek Roy for Maple Leafs - Shot Misses the Net

Penalties :
No Penalty

Goalie Stats

Ray Emery (Phi), 34 saves from 37 shots - (0,919), W, 2-0-0, 65:00 minutes
Marc-André Fleury (Tor), 26 saves from 29 shots - (0,897), OTL, 1-1-1, 64:07 minutes

Players Stats for Flyers

Player Name              G  A  P  +/- PIM S  H  SB GA TA FO     MP     PP MP  PK MP  
------------------------------------------------------------------------------------
Andrei Kostitsyn         0  1  1   0  0   3  1  0  0  0  0/2    19:59   0:00   0:42 
Brian Campbell           0  0  0  -1  0   1  0  1  0  2  0/0    23:55   2:20   0:58 
Ed Jovanovski            0  0  0   1  0   0  2  3  0  0  0/0    23:11   2:20   1:43 
Eric Godard              0  0  0   0  0   0  1  0  0  0  0/0     9:24   0:00   0:00 
Jeff O'Neill             0  0  0   0  0   3  1  1  0  0  5/12   15:35   0:00   1:07 
Kyle Wellwood            0  0  0   0  0   0  1  1  0  0  3/9    13:18   0:00   2:21 
Loui Eriksson            1  0  1   1  0   3  1  1  0  0  0/0    12:31   1:51   0:00 
Marc Savard              2  0  2   0  0   7  1  0  0  1  11/27  21:47   2:07   0:00 
Marcel Goc               0  1  1   1  0   1  1  0  2  0  2/5    13:58   1:51   0:00 
Mark Bell                0  0  0   0  0   3  1  0  0  0  0/2    11:54   0:00   1:07 
Matt Jones               0  0  0   1  0   0  0  1  0  1  0/0    16:53   0:00   0:14 
Mike Lundin              0  1  1   1  2   0  1  0  1  0  0/0    22:18   1:38   1:15 
Miroslav Satan           0  1  1   0  0   5  3  0  3  1  1/1    20:25   2:07   0:42 
Nolan Pratt              0  0  0   0  2   1  1  1  0  0  0/0    16:03   0:00   1:29 
Pavel Vorobiev           0  0  0   0  2   1  1  0  1  1  0/0    15:56   1:51   0:00 
Radek Dvorak             0  1  1   1  0   0  0  0  0  0  0/0    10:40   0:00   0:00 
Simon Gagné              0  0  0   0  0   1  3  1  0  2  0/0    20:22   2:07   2:21 
Steve Montador           0  0  0   0  0   0  7  3  0  2  0/0    27:38   1:38   2:41 

Players Stats for Maple Leafs

Player Name              G  A  P  +/- PIM S  H  SB GA TA FO     MP     PP MP  PK MP  
------------------------------------------------------------------------------------
Alex Goligoski           0  0  0  -1  0   1  0  0  1  0  0/0    18:08   1:27   1:49 
Andy Hilbert             0  0  0   0  0   0  0  2  0  0  0/0     9:49   0:00   1:07 
Brad Boyes               0  1  1   0  0   5  2  0  0  1  1/1    18:10   1:59   0:42 
Brent Burns              0  0  0  -1  0   2  1  1  0  2  0/0    12:47   0:00   0:00 
Brett Clark              0  0  0   1  0   0  1  3  1  0  0/0    22:35   1:27   1:49 
Byron Bitz               0  0  0  -2  0   0  2  0  0  0  1/2    13:38   0:01   0:00 
Claude Giroux            0  2  2   1  0   4  1  1  5  1  0/1    23:34   2:11   2:09 
Derek Roy                0  1  1   0  2   3  3  0  0  0  10/18  16:35   1:59   0:16 
Dion Phaneuf             0  0  0  -1  0   1  2  1  0  1  0/0    29:38   2:43   2:09 
Dustin Penner            1  0  1   0  0   6  0  0  1  0  0/0    16:15   1:59   0:00 
Eric Brewer              0  0  0  -1  0   1  1  1  0  0  0/0    29:31   2:43   2:09 
Jordan Leopold           0  0  0   1  0   2  2  3  0  1  0/0    17:11   0:00   0:00 
Paul Stastny             0  0  0  -2  0   4  1  0  0  0  2/5    12:24   0:00   0:00 
Peter Forsberg           2  0  2   1  0   5  2  0  1  1  18/27  23:34   2:11   2:09 
Rob Niedermayer          0  0  0   0  0   1  3  0  0  0  2/2     9:54   0:00   1:16 
Scott Walker             0  0  0   0  0   1  0  0  0  0  1/1     7:57   0:00   0:00 
Steve Ott                0  0  0  -2  0   1  3  0  1  0  0/0    13:37   0:00   0:00 
Zach Parise              0  0  0   1  2   0  1  2  0  0  1/1    20:43   2:10   0:17 

3 Stars

1 - Peter Forsberg (Tor)
2 - Marc Savard (Phi)
3 - Loui Eriksson (Phi)

Power Play

Flyers - 0 on 2 Attempt(s) - 0,00%
Maple Leafs - 1 on 3 Attempt(s) - 33,33%

Penalty Kill

Flyers - 2 on 3 Attempt(s) - 66,67% - Score 0 goal in Penalty Kill
Maple Leafs - 2 on 2 Attempt(s) - 100,00% - Score 0 goal in Penalty Kill

Official

Referees : Sutherland Kelly and Peel Tim
Linesman : Vaughan Rody and Pierre Champoux

Game Notes

No Game Note

Finance

Level 1 -- Attendance: 5432 (90,53%) -- Ticket Income 543 200 $
Level 2 -- Attendance: 4243 (84,86%) -- Ticket Income 254 580 $
Level 3 -- Attendance: 1806 (90,30%) -- Ticket Income 63 210 $
Level 4 -- Attendance: 3024 (75,60%) -- Ticket Income 75 600 $
Luxury Box -- Attendance: 937 (93,70%) -- Ticket Income 187 400 $
Game was played at the Maple Leafs Garden
Total Attendance: 15442 (85,79%)
Total Ticket Income: 1 123 990 $
Total Income: 1 123 990 $

Flyers

5 vs 5 Forward 
   Center                   Left Wing                Right Wing               Time % Phy DF OF 
 1 Marc Savard              Andrei Kostitsyn         Miroslav Satan           40     0   2  3  
 2 Jeff O'Neill             Simon Gagné              Pavel Vorobiev           30     0   3  2  
 3 Marcel Goc               Loui Eriksson            Radek Dvorak             20     1   1  3  
 4 Kyle Wellwood            Mark Bell                Eric Godard              10     3   2  0  

5 vs 5 Defense 
   Defense                  Defense                                           Time % Phy DF OF 
 1 Steve Montador           Brian Campbell                                    40     1   3  1  
 2 Mike Lundin              Ed Jovanovski                                     30     1   2  2  
 3 Matt Jones               Nolan Pratt                                       20     1   4  0  
 4 Steve Montador           Matt Jones                                        10     2   1  2  

PowerPlay Forward 
   Center                   Left Wing                Right Wing               Time % Phy DF OF 
 1 Marc Savard              Simon Gagné              Miroslav Satan           60     0   1  4  
 2 Marcel Goc               Loui Eriksson            Pavel Vorobiev           40     0   2  3  

PowerPlay Defense
   Defense                  Defense                                           Time % Phy DF OF 
 1 Brian Campbell           Ed Jovanovski                                     60     2   0  3  
 2 Steve Montador           Mike Lundin                                       40     1   3  1  

Penalty Kill 4 Players Forward 
   Center                   Wing                     Time % Phy DF OF 
 1 Kyle Wellwood            Simon Gagné              60     0   4  1  
 2 Jeff O'Neill             Mark Bell                40     1   4  0  

Penalty Kill 4 Players Defense
   Defense                  Defense                  Time % Phy DF OF 
 1 Steve Montador           Nolan Pratt              60     0   5  0  
 2 Mike Lundin              Ed Jovanovski            40     1   4  0  

Penalty Kill - 3 Players Forward 
   Forward                                           Time % Phy DF OF 
 1 Kyle Wellwood                                     60     0   5  0  
 2 Jeff O'Neill                                      40     0   5  0  

Penalty Kill - 3 Players Defense
   Defense                  Defense                  Time % Phy DF OF 
 1 Steve Montador           Nolan Pratt              60     0   5  0  
 2 Mike Lundin              Ed Jovanovski            40     1   4  0  

4 vs 4 Forward 
   Center                   Wing                     Time % Phy DF OF 
 1 Marc Savard              Simon Gagné              60     0   2  3  
 2 Kyle Wellwood            Andrei Kostitsyn         40     0   2  3  

4 vs 4 Defense
   Defense                  Defense                  Time % Phy DF OF 
 1 Steve Montador           Brian Campbell           60     1   3  1  
 2 Mike Lundin              Ed Jovanovski            40     3   2  0  

Last Minutes Offensive
   Center                   Left Wing                Right Wing               Defense                  Defense                  
   Marc Savard              Simon Gagné              Miroslav Satan           Steve Montador           Brian Campbell           

Last Minutes Defensive
   Center                   Left Wing                Right Wing               Defense                  Defense                  
   Marc Savard              Simon Gagné              Miroslav Satan           Steve Montador           Brian Campbell           

Goaltenders
Starting : Ray Emery                
Backup : Mathieu Garon            

Extra Forwards
Normal : Kyle Wellwood, Marcel Goc, Mark Bell - PP : Jeff O'Neill, Andrei Kostitsyn - PK : Miroslav Satan
Extra Defensemen
Normal : Matt Jones, Nolan Pratt, Steve Montador - PP : Matt Jones - PK : Ed Jovanovski, Brian Campbell
Penalty Shots
Marc Savard, Simon Gagné, Jeff O'Neill, Pavel Vorobiev, Loui Eriksson

Maple Leafs

5 vs 5 Forward 
   Center                   Left Wing                Right Wing               Time % Phy DF OF 
 1 Peter Forsberg           Zach Parise              Claude Giroux            40     0   2  3  
 2 Derek Roy                Dustin Penner            Brad Boyes               30     1   2  2  
 3 Paul Stastny             Steve Ott                Byron Bitz               20     1   2  2  
 4 Rob Niedermayer          Andy Hilbert             Scott Walker             10     1   3  1  

5 vs 5 Defense 
   Defense                  Defense                                           Time % Phy DF OF 
 1 Dion Phaneuf             Eric Brewer                                       40     1   2  2  
 2 Brett Clark              Jordan Leopold                                    30     1   2  2  
 3 Alex Goligoski           Brent Burns                                       20     1   2  2  
 4 Dion Phaneuf             Eric Brewer                                       10     1   2  2  

PowerPlay Forward 
   Center                   Left Wing                Right Wing               Time % Phy DF OF 
 1 Peter Forsberg           Zach Parise              Claude Giroux            60     1   2  2  
 2 Derek Roy                Dustin Penner            Brad Boyes               40     1   2  2  

PowerPlay Defense
   Defense                  Defense                                           Time % Phy DF OF 
 1 Dion Phaneuf             Eric Brewer                                       60     1   2  2  
 2 Brett Clark              Alex Goligoski                                    40     1   2  2  

Penalty Kill 4 Players Forward 
   Center                   Wing                     Time % Phy DF OF 
 1 Peter Forsberg           Claude Giroux            60     1   2  2  
 2 Zach Parise              Brad Boyes               40     1   2  2  

Penalty Kill 4 Players Defense
   Defense                  Defense                  Time % Phy DF OF 
 1 Dion Phaneuf             Eric Brewer              60     1   2  2  
 2 Brett Clark              Alex Goligoski           40     1   2  2  

Penalty Kill - 3 Players Forward 
   Forward                                           Time % Phy DF OF 
 1 Peter Forsberg                                    60     1   2  2  
 2 Claude Giroux                                     40     1   2  2  

Penalty Kill - 3 Players Defense
   Defense                  Defense                  Time % Phy DF OF 
 1 Dion Phaneuf             Eric Brewer              60     1   2  2  
 2 Brett Clark              Alex Goligoski           40     1   2  2  

4 vs 4 Forward 
   Center                   Wing                     Time % Phy DF OF 
 1 Peter Forsberg           Claude Giroux            60     1   2  2  
 2 Zach Parise              Brad Boyes               40     1   2  2  

4 vs 4 Defense
   Defense                  Defense                  Time % Phy DF OF 
 1 Dion Phaneuf             Eric Brewer              60     1   2  2  
 2 Brett Clark              Alex Goligoski           40     1   2  2  

Last Minutes Offensive
   Center                   Left Wing                Right Wing               Defense                  Defense                  
   Peter Forsberg           Zach Parise              Claude Giroux            Dion Phaneuf             Eric Brewer              

Last Minutes Defensive
   Center                   Left Wing                Right Wing               Defense                  Defense                  
   Peter Forsberg           Zach Parise              Claude Giroux            Dion Phaneuf             Eric Brewer              

Goaltenders
Starting : Marc-André Fleury        
Backup : Mike Dunham              

Extra Forwards
Normal : Byron Bitz, Steve Ott, Rob Niedermayer - PP : Byron Bitz, Steve Ott - PK : Rob Niedermayer
Extra Defensemen
Normal : Brent Burns, Jordan Leopold, Brett Clark - PP : Brent Burns - PK : Jordan Leopold, Brett Clark
Penalty Shots
Peter Forsberg, Claude Giroux, Zach Parise, Brad Boyes, Derek Roy

% Time on Ice - Flyers

Lines # - Real PCT - Wanted PCT - Time Play
Normal Forward
1 - 34% - 40% - 17:42
2 - 27% - 30% - 14:06
3 - 21% - 20% - 10:40
4 - 18% - 10% - 9:24
Normal Defense
1 - 36% - 40% - 18:46
2 - 34% - 30% - 17:29
3 - 26% - 20% - 13:23
4 - 4% - 10% - 2:14
PP Forward
1 - 53% - 60% - 2:07
2 - 47% - 40% - 1:51
PP Defense
1 - 59% - 60% - 2:20
2 - 41% - 40% - 1:38
PK Forward
1 - 73% - 60% - 3:03
2 - 27% - 40% - 1:07
PK Defense
1 - 70% - 60% - 2:55
2 - 30% - 40% - 1:15
PK3 Forward
1 - 0% - 60%
2 - 0% - 40%
PK3 Defense
1 - 0% - 60%
2 - 0% - 40%
44 Forward
1 - 100% - 60% - 5:00
2 - 0% - 40% - 0:00
44 Defense
1 - 61% - 60% - 3:03
2 - 39% - 40% - 1:57
Last Minute Offensive  - 0:00
Last Minute Defensive  - 0:00
Total
Forward - 65:00
Defense - 65:00

% Time on Ice - Maple Leafs

Lines # - Real PCT - Wanted PCT - Time Play
Normal Forward
1 - 32% - 40% - 16:06
2 - 28% - 30% - 14:16
3 - 24% - 20% - 12:24
4 - 16% - 10% - 7:57
Normal Defense
1 - 36% - 40% - 18:26
2 - 35% - 30% - 17:33
3 - 23% - 20% - 11:46
4 - 6% - 10% - 2:58
PP Forward
1 - 52% - 60% - 2:11
2 - 48% - 40% - 1:59
PP Defense
1 - 65% - 60% - 2:43
2 - 35% - 40% - 1:27
PK Forward
1 - 82% - 60% - 3:16
2 - 18% - 40% - 0:42
PK Defense
1 - 54% - 60% - 2:09
2 - 46% - 40% - 1:49
PK3 Forward
1 - 0% - 60%
2 - 0% - 40%
PK3 Defense
1 - 0% - 60%
2 - 0% - 40%
44 Forward
1 - 76% - 60% - 3:47
2 - 24% - 40% - 1:13
44 Defense
1 - 56% - 60% - 2:48
2 - 44% - 40% - 2:12
Last Minute Offensive  - 1:09
Last Minute Defensive  - 0:00
Total
Forward - 65:00
Defense - 65:00

Play by Play

1st period


0:01 of 1st period - Marc Savard wins face-off versus Peter Forsberg in neutral zone.
0:06 of 1st period - Snap shot by Andrei Kostitsyn.
0:06 of 1st period - Stopped by Marc-André Fleury without a rebound.
0:07 of 1st period - Marc Savard wins face-off versus Peter Forsberg in Maple Leafs zone.
0:08 of 1st period - Snap shot by Miroslav Satan.
0:08 of 1st period - Shot Blocked by Zach Parise.
0:10 of 1st period - Slapshot by Brian Campbell.
0:10 of 1st period - Stopped by Marc-André Fleury with a rebound.
0:16 of 1st period - Snap shot by Marc Savard.
0:16 of 1st period - Stopped by Marc-André Fleury without a rebound.
0:17 of 1st period - Jeff O'Neill wins face-off versus Derek Roy in Maple Leafs zone.
0:42 of 1st period - Marcel Goc is hit by Steve Ott and loses puck.
1:28 of 1st period - Off-side.
1:29 of 1st period - Scott Walker wins face-off versus Mark Bell in neutral zone.
2:17 of 1st period - Miroslav Satan is hit by Peter Forsberg and loses puck.
3:20 of 1st period - Snap shot by Derek Roy.
3:20 of 1st period - Shot Misses the Net.
3:22 of 1st period - Snap shot by Brad Boyes.
3:22 of 1st period - Shot Misses the Net.
3:24 of 1st period - Wrist shot by Dustin Penner.
3:24 of 1st period - Shot Misses the Net.
3:58 of 1st period - Wrist shot by Loui Eriksson.
3:58 of 1st period - Goal by Loui Eriksson - Flyers : 1 - Maple Leafs : 0.
3:59 of 1st period - Peter Forsberg wins face-off versus Marc Savard in neutral zone.
4:10 of 1st period - Snap shot by Marc Savard.
4:10 of 1st period - Shot Blocked by Brett Clark.
4:12 of 1st period - Wrist shot by Miroslav Satan.
4:12 of 1st period - Stopped by Marc-André Fleury without a rebound.
4:13 of 1st period - Jeff O'Neill wins face-off versus Derek Roy in Maple Leafs zone.
5:14 of 1st period - Minor Penalty to Mike Lundin for Hooking.
5:15 of 1st period - Kyle Wellwood wins face-off versus Derek Roy in Flyers zone.
5:20 of 1st period - Slapshot by Brad Boyes.
5:20 of 1st period - Shot Misses the Net.
5:22 of 1st period - Slapshot by Eric Brewer.
5:22 of 1st period - Shot Blocked by Kyle Wellwood.
5:24 of 1st period - Snap shot by Dustin Penner.
5:24 of 1st period - Stopped by Ray Emery without a rebound.
5:25 of 1st period - Derek Roy wins face-off versus Kyle Wellwood in Flyers zone.
5:26 of 1st period - Snap shot by Brad Boyes.
5:26 of 1st period - Deflect By Dustin Penner.
5:26 of 1st period - Goal by Dustin Penner - Flyers : 1 - Maple Leafs : 1.
5:27 of 1st period - Marc Savard wins face-off versus Paul Stastny in neutral zone.
5:32 of 1st period - Slapshot by Marc Savard.
5:32 of 1st period - Goal by Marc Savard - Flyers : 2 - Maple Leafs : 1.
5:33 of 1st period - Jeff O'Neill wins face-off versus Derek Roy in neutral zone.
5:36 of 1st period - Wrist shot by Jeff O'Neill.
5:36 of 1st period - Shot Misses the Net.
6:44 of 1st period - Slapshot by Rob Niedermayer.
6:44 of 1st period - Shot Misses the Net.
7:00 of 1st period - Snap shot by Mark Bell.
7:00 of 1st period - Stopped by Marc-André Fleury without a rebound.
7:01 of 1st period - Derek Roy wins face-off versus Jeff O'Neill in Maple Leafs zone.
7:06 of 1st period - Brad Boyes is hit by Ed Jovanovski and loses puck.
7:15 of 1st period - Snap shot by Dustin Penner.
7:15 of 1st period - Stopped by Ray Emery with a rebound.
7:17 of 1st period - Slapshot by Dion Phaneuf.
7:17 of 1st period - Stopped by Ray Emery with a rebound.
7:19 of 1st period - Wrist shot by Brad Boyes.
7:19 of 1st period - Stopped by Ray Emery with a rebound.
7:27 of 1st period - Wrist shot by Brad Boyes.
7:27 of 1st period - Stopped by Ray Emery with a rebound.
7:43 of 1st period - Snap shot by Brad Boyes.
7:43 of 1st period - Stopped by Ray Emery with a rebound.
7:45 of 1st period - Slapshot by Jordan Leopold.
7:45 of 1st period - Shot Misses the Net.
7:49 of 1st period - Snap shot by Dustin Penner.
7:49 of 1st period - Shot Misses the Net.
8:01 of 1st period - Snap shot by Simon Gagné.
8:01 of 1st period - Stopped by Marc-André Fleury with a rebound.
8:07 of 1st period - Snap shot by Brad Boyes.
8:07 of 1st period - Shot Misses the Net.
8:23 of 1st period - Snap shot by Brad Boyes.
8:23 of 1st period - Shot Misses the Net.
8:25 of 1st period - Slapshot by Eric Brewer.
8:25 of 1st period - Shot Misses the Net.
8:27 of 1st period - Snap shot by Derek Roy.
8:27 of 1st period - Stopped by Ray Emery with a rebound.
8:29 of 1st period - Slapshot by Dion Phaneuf.
8:29 of 1st period - Shot Misses the Net.
8:31 of 1st period - Wrist shot by Derek Roy.
8:31 of 1st period - Deflect By Brad Boyes.
8:31 of 1st period - Stopped by Ray Emery without a rebound.
8:32 of 1st period - Peter Forsberg wins face-off versus Marc Savard in Flyers zone.
8:43 of 1st period - Snap shot by Claude Giroux.
8:43 of 1st period - Stopped by Ray Emery with a rebound.
8:45 of 1st period - Snap shot by Peter Forsberg.
8:45 of 1st period - Goal by Peter Forsberg - Flyers : 2 - Maple Leafs : 2.
8:46 of 1st period - Marc Savard wins face-off versus Peter Forsberg in neutral zone.
9:12 of 1st period - Dion Phaneuf is hit by Loui Eriksson.
9:39 of 1st period - Brian Campbell is hit by Rob Niedermayer and loses puck.
10:04 of 1st period - Wrist shot by Peter Forsberg.
10:04 of 1st period - Stopped by Ray Emery with a rebound.
10:06 of 1st period - Wrist shot by Zach Parise.
10:06 of 1st period - Shot Misses the Net.
10:16 of 1st period - Snap shot by Marcel Goc.
10:16 of 1st period - Shot Misses the Net.
10:34 of 1st period - Byron Bitz is hit by Simon Gagné and loses puck.
10:53 of 1st period - Snap shot by Steve Ott.
10:53 of 1st period - Deflect By Derek Roy.
10:53 of 1st period - Shot Misses the Net.
10:53 of 1st period - Puck is out of play.
10:54 of 1st period - Derek Roy wins face-off versus Kyle Wellwood in Flyers zone.
11:09 of 1st period - Wrist shot by Brad Boyes.
11:09 of 1st period - Shot Blocked by Steve Montador.
11:19 of 1st period - Jordan Leopold is hit by Miroslav Satan and loses puck.
11:40 of 1st period - Slapshot by Brent Burns.
11:40 of 1st period - Stopped by Ray Emery with a rebound.
11:42 of 1st period - Snap shot by Scott Walker.
11:42 of 1st period - Stopped by Ray Emery with a rebound.
11:44 of 1st period - Slapshot by Andy Hilbert.
11:44 of 1st period - Shot Misses the Net.
12:04 of 1st period - Snap shot by Jeff O'Neill.
12:04 of 1st period - Shot Misses the Net.
12:46 of 1st period - Peter Forsberg is hit by Steve Montador and loses puck.
13:09 of 1st period - Snap shot by Marcel Goc.
13:09 of 1st period - Shot Blocked by Jordan Leopold.
13:21 of 1st period - Wrist shot by Mark Bell.
13:21 of 1st period - Shot Blocked by Jordan Leopold.
13:23 of 1st period - Slapshot by Matt Jones.
13:23 of 1st period - Shot Blocked by Brett Clark.
13:25 of 1st period - Wrist shot by Mark Bell.
13:25 of 1st period - Shot Blocked by Brett Clark.
13:38 of 1st period - Minor Penalty to Nolan Pratt for Holding Stick.
13:39 of 1st period - Kyle Wellwood wins face-off versus Claude Giroux in Flyers zone.
13:57 of 1st period - Zach Parise is hit by Simon Gagné and loses puck.
14:44 of 1st period - Zach Parise is hit by Mike Lundin and loses puck.
15:38 of 1st period - Penalty to Nolan Pratt is over, Nolan Pratt is back on ice.
17:13 of 1st period - Radek Dvorak is hit by Paul Stastny and loses puck.
17:46 of 1st period - Alex Goligoski is hit by Andrei Kostitsyn and loses puck.
18:19 of 1st period - Snap shot by Steve Ott.
18:19 of 1st period - Stopped by Ray Emery with a rebound.
18:56 of 1st period - Kyle Wellwood is hit by Brad Boyes and loses puck.
19:03 of 1st period - Brad Boyes is hit by Kyle Wellwood and loses puck.
19:14 of 1st period - Steve Ott is hit by Marcel Goc and loses puck.
19:40 of 1st period - Steve Montador is hit by Peter Forsberg and loses puck.
19:57 of 1st period - Snap shot by Miroslav Satan.
19:57 of 1st period - Stopped by Marc-André Fleury without a rebound.
19:58 of 1st period - Marc Savard wins face-off versus Derek Roy in Maple Leafs zone.

2nd period


0:01 of 2nd period - Peter Forsberg wins face-off versus Marc Savard in neutral zone.
0:10 of 2nd period - Slapshot by Claude Giroux.
0:10 of 2nd period - Stopped by Ray Emery without a rebound.
0:11 of 2nd period - Peter Forsberg wins face-off versus Marc Savard in Flyers zone.
1:13 of 2nd period - Wrist shot by Rob Niedermayer.
1:13 of 2nd period - Stopped by Ray Emery without a rebound.
1:14 of 2nd period - Marc Savard wins face-off versus Peter Forsberg in Flyers zone.
1:25 of 2nd period - Snap shot by Marc Savard.
1:25 of 2nd period - Goal by Marc Savard - Flyers : 3 - Maple Leafs : 2.
1:26 of 2nd period - Peter Forsberg wins face-off versus Marc Savard in neutral zone.
1:56 of 2nd period - Pavel Vorobiev is hit by Derek Roy and loses puck.
2:05 of 2nd period - Slapshot by Dustin Penner.
2:05 of 2nd period - Stopped by Ray Emery with a rebound.
2:07 of 2nd period - Wrist shot by Brett Clark.
2:07 of 2nd period - Shot Blocked by Steve Montador.
2:17 of 2nd period - Brian Campbell is hit by Rob Niedermayer and loses puck.
2:54 of 2nd period - Brian Campbell is hit by Steve Ott and loses puck.
3:35 of 2nd period - Claude Giroux is hit by Marc Savard and loses puck.
3:47 of 2nd period - Off-side.
3:48 of 2nd period - Derek Roy wins face-off versus Kyle Wellwood in neutral zone.
4:01 of 2nd period - Slapshot by Brad Boyes.
4:01 of 2nd period - Shot Misses the Net.
4:03 of 2nd period - Snap shot by Dustin Penner.
4:03 of 2nd period - Stopped by Ray Emery without a rebound.
4:04 of 2nd period - Marc Savard wins face-off versus Peter Forsberg in Flyers zone.
4:38 of 2nd period - Wrist shot by Jeff O'Neill.
4:38 of 2nd period - Stopped by Marc-André Fleury with a rebound.
4:48 of 2nd period - Matt Jones is hit by Steve Ott.
5:10 of 2nd period - Snap shot by Miroslav Satan.
5:10 of 2nd period - Stopped by Marc-André Fleury with a rebound.
5:24 of 2nd period - Matt Jones is hit by Rob Niedermayer.
5:31 of 2nd period - Icing by Rob Niedermayer.
5:32 of 2nd period - Rob Niedermayer wins face-off versus Jeff O'Neill in Maple Leafs zone.
5:32 of 2nd period - Rob Niedermayer is hit by Simon Gagné.
5:40 of 2nd period - Slapshot by Jordan Leopold.
5:40 of 2nd period - Shot Blocked by Jeff O'Neill.
6:08 of 2nd period - Wrist shot by Miroslav Satan.
6:08 of 2nd period - Stopped by Marc-André Fleury without a rebound.
6:09 of 2nd period - Derek Roy wins face-off versus Marc Savard in Maple Leafs zone.
6:42 of 2nd period - Wrist shot by Marc Savard.
6:42 of 2nd period - Shot Blocked by Eric Brewer.
6:45 of 2nd period - Icing by Byron Bitz.
6:46 of 2nd period - Jeff O'Neill wins face-off versus Paul Stastny in Maple Leafs zone.
6:58 of 2nd period - Minor Penalty to Pavel Vorobiev for Hooking.
6:59 of 2nd period - Peter Forsberg wins face-off versus Kyle Wellwood in Flyers zone.
7:00 of 2nd period - Slapshot by Claude Giroux.
7:00 of 2nd period - Shot Blocked by Steve Montador.
7:30 of 2nd period - Wrist shot by Derek Roy.
7:30 of 2nd period - Shot Misses the Net.
7:32 of 2nd period - Snap shot by Brad Boyes.
7:32 of 2nd period - Deflect By Derek Roy.
7:32 of 2nd period - Stopped by Ray Emery without a rebound.
7:33 of 2nd period - Derek Roy wins face-off versus Jeff O'Neill in Flyers zone.
7:44 of 2nd period - Snap shot by Brad Boyes.
7:44 of 2nd period - Shot Blocked by Simon Gagné.
7:46 of 2nd period - Wrist shot by Brett Clark.
7:46 of 2nd period - Shot Blocked by Ed Jovanovski.
7:48 of 2nd period - Slapshot by Brett Clark.
7:48 of 2nd period - Deflect By Brad Boyes.
7:48 of 2nd period - Stopped by Ray Emery with a rebound.
8:07 of 2nd period - Wrist shot by Peter Forsberg.
8:07 of 2nd period - Shot Blocked by Ed Jovanovski.
8:39 of 2nd period - Wrist shot by Andrei Kostitsyn.
8:39 of 2nd period - Stopped by Marc-André Fleury without a rebound.
8:40 of 2nd period - Miroslav Satan wins face-off versus Peter Forsberg in Maple Leafs zone.
8:58 of 2nd period - Penalty to Pavel Vorobiev is over, Pavel Vorobiev is back on ice.
9:44 of 2nd period - Snap shot by Paul Stastny.
9:44 of 2nd period - Stopped by Ray Emery without a rebound.
9:45 of 2nd period - Peter Forsberg wins face-off versus Marc Savard in Flyers zone.
9:54 of 2nd period - Snap shot by Marc Savard.
9:54 of 2nd period - Shot Misses the Net.
10:00 of 2nd period - Snap shot by Marc Savard.
10:00 of 2nd period - Stopped by Marc-André Fleury without a rebound.
10:01 of 2nd period - Jeff O'Neill wins face-off versus Derek Roy in Maple Leafs zone.
10:10 of 2nd period - Snap shot by Dustin Penner.
10:10 of 2nd period - Stopped by Ray Emery without a rebound.
10:11 of 2nd period - Derek Roy wins face-off versus Jeff O'Neill in Flyers zone.
10:16 of 2nd period - Wrist shot by Brad Boyes.
10:16 of 2nd period - Shot Misses the Net.
10:18 of 2nd period - Slapshot by Eric Brewer.
10:18 of 2nd period - Stopped by Ray Emery without a rebound.
10:19 of 2nd period - Marc Savard wins face-off versus Peter Forsberg in Flyers zone.
10:26 of 2nd period - Slapshot by Marc Savard.
10:26 of 2nd period - Shot Blocked by Claude Giroux.
10:45 of 2nd period - Pavel Vorobiev is hit by Dion Phaneuf and loses puck.
11:17 of 2nd period - Off-side.
11:18 of 2nd period - Rob Niedermayer wins face-off versus Andrei Kostitsyn in neutral zone.
11:21 of 2nd period - Snap shot by Alex Goligoski.
11:21 of 2nd period - Stopped by Ray Emery with a rebound.
11:31 of 2nd period - Wrist shot by Marc Savard.
11:31 of 2nd period - Stopped by Marc-André Fleury without a rebound.
11:32 of 2nd period - Peter Forsberg wins face-off versus Andrei Kostitsyn in Maple Leafs zone.
11:59 of 2nd period - Jeff O'Neill is hit by Dion Phaneuf and loses puck.
12:42 of 2nd period - Slapshot by Jordan Leopold.
12:42 of 2nd period - Stopped by Ray Emery with a rebound.
13:05 of 2nd period - Icing by Andrei Kostitsyn.
13:06 of 2nd period - Marc Savard wins face-off versus Peter Forsberg in Flyers zone.
13:51 of 2nd period - Slapshot by Marc Savard.
13:51 of 2nd period - Deflect By Miroslav Satan.
13:51 of 2nd period - Stopped by Marc-André Fleury without a rebound.
13:52 of 2nd period - Derek Roy wins face-off versus Jeff O'Neill in Maple Leafs zone.
13:52 of 2nd period - Derek Roy is hit by Steve Montador.
14:06 of 2nd period - Backhand shot by Jeff O'Neill.
14:06 of 2nd period - Stopped by Marc-André Fleury with a rebound.
14:18 of 2nd period - Marcel Goc is hit by Brent Burns and loses puck.
14:37 of 2nd period - Steve Montador is hit by Jordan Leopold and loses puck.
14:55 of 2nd period - Off-side.
14:56 of 2nd period - Brad Boyes wins face-off versus Kyle Wellwood in neutral zone.
15:23 of 2nd period - Marc Savard is hit by Zach Parise and loses puck.
15:30 of 2nd period - Slapshot by Ed Jovanovski.
15:30 of 2nd period - Shot Blocked by Dion Phaneuf.
15:42 of 2nd period - Dion Phaneuf is hit by Jeff O'Neill.
16:47 of 2nd period - Wrist shot by Mark Bell.
16:47 of 2nd period - Shot Misses the Net.
16:49 of 2nd period - Slapshot by Ed Jovanovski.
16:49 of 2nd period - Shot Misses the Net.
16:51 of 2nd period - Wrist shot by Eric Godard.
16:51 of 2nd period - Shot Misses the Net.
16:53 of 2nd period - Snap shot by Mark Bell.
16:53 of 2nd period - Shot Blocked by Andy Hilbert.
17:02 of 2nd period - Off-side.
17:03 of 2nd period - Paul Stastny wins face-off versus Jeff O'Neill in neutral zone.
17:06 of 2nd period - Slapshot by Eric Brewer.
17:06 of 2nd period - Shot Blocked by Brian Campbell.
17:30 of 2nd period - Andrei Kostitsyn is hit by Claude Giroux.
17:58 of 2nd period - Wrist shot by Mark Bell.
17:58 of 2nd period - Shot Blocked by Zach Parise.
18:36 of 2nd period - Snap shot by Claude Giroux.
18:36 of 2nd period - Shot Misses the Net.
18:38 of 2nd period - Wrist shot by Peter Forsberg.
18:38 of 2nd period - Deflect By Claude Giroux.
18:38 of 2nd period - Stopped by Ray Emery without a rebound.
18:39 of 2nd period - Derek Roy wins face-off versus Marc Savard in Flyers zone.
18:53 of 2nd period - Snap shot by Dustin Penner.
18:53 of 2nd period - Shot Misses the Net.
19:05 of 2nd period - Steve Ott is hit by Steve Montador.
19:33 of 2nd period - Snap shot by Loui Eriksson.
19:33 of 2nd period - Shot Blocked by Brent Burns.
19:35 of 2nd period - Slapshot by Nolan Pratt.
19:35 of 2nd period - Stopped by Marc-André Fleury with a rebound.
19:45 of 2nd period - Snap shot by Marc Savard.
19:45 of 2nd period - Stopped by Marc-André Fleury with a rebound.
19:56 of 2nd period - Icing by Alex Goligoski.
19:57 of 2nd period - Byron Bitz wins face-off versus Jeff O'Neill in Maple Leafs zone.

3rd period


0:01 of 3rd period - Peter Forsberg wins face-off versus Marc Savard in neutral zone.
0:57 of 3rd period - Snap shot by Mark Bell.
0:57 of 3rd period - Stopped by Marc-André Fleury with a rebound.
0:59 of 3rd period - Wrist shot by Mark Bell.
0:59 of 3rd period - Stopped by Marc-André Fleury with a rebound.
2:03 of 3rd period - Snap shot by Andrei Kostitsyn.
2:03 of 3rd period - Stopped by Marc-André Fleury without a rebound.
2:04 of 3rd period - Peter Forsberg wins face-off versus Marc Savard in Maple Leafs zone.
2:08 of 3rd period - Brent Burns is hit by Steve Montador and loses puck.
3:24 of 3rd period - Marcel Goc is hit by Derek Roy and loses puck.
4:01 of 3rd period - Slapshot by Paul Stastny.
4:01 of 3rd period - Stopped by Ray Emery with a rebound.
4:03 of 3rd period - Slapshot by Alex Goligoski.
4:03 of 3rd period - Deflect By Steve Ott.
4:03 of 3rd period - Shot Blocked by Ed Jovanovski.
4:03 of 3rd period - Puck is out of play.
4:04 of 3rd period - Derek Roy wins face-off versus Marcel Goc in Flyers zone.
4:15 of 3rd period - Wrist shot by Marcel Goc.
4:15 of 3rd period - Shot Misses the Net.
4:20 of 3rd period - Minor Penalty to Derek Roy for Roughing.
4:21 of 3rd period - Peter Forsberg wins face-off versus Marc Savard in Maple Leafs zone.
4:32 of 3rd period - Dion Phaneuf is hit by Miroslav Satan and loses puck.
4:47 of 3rd period - Eric Brewer is hit by Ed Jovanovski and loses puck.
4:52 of 3rd period - Snap shot by Loui Eriksson.
4:52 of 3rd period - Shot Misses the Net.
4:54 of 3rd period - Wrist shot by Loui Eriksson.
4:54 of 3rd period - Stopped by Marc-André Fleury with a rebound.
4:56 of 3rd period - Snap shot by Loui Eriksson.
4:56 of 3rd period - Shot Misses the Net.
5:40 of 3rd period - Alex Goligoski is hit by Miroslav Satan and loses puck.
6:19 of 3rd period - Eric Brewer is hit by Steve Montador and loses puck.
6:20 of 3rd period - Penalty to Derek Roy is over, Derek Roy is back on ice.
7:09 of 3rd period - Jeff O'Neill is hit by Jordan Leopold and loses puck.
7:32 of 3rd period - Loui Eriksson is hit by Byron Bitz and loses puck.
7:42 of 3rd period - Icing by Brian Campbell.
7:43 of 3rd period - Peter Forsberg wins face-off versus Marcel Goc in Flyers zone.
7:46 of 3rd period - Slapshot by Peter Forsberg.
7:46 of 3rd period - Stopped by Ray Emery with a rebound.
8:12 of 3rd period - Snap shot by Paul Stastny.
8:12 of 3rd period - Shot Blocked by Loui Eriksson.
8:14 of 3rd period - Slapshot by Alex Goligoski.
8:14 of 3rd period - Deflect By Paul Stastny.
8:14 of 3rd period - Stopped by Ray Emery without a rebound.
8:15 of 3rd period - Marc Savard wins face-off versus Paul Stastny in Flyers zone.
8:24 of 3rd period - Wrist shot by Byron Bitz.
8:24 of 3rd period - Shot Blocked by Nolan Pratt.
8:26 of 3rd period - Slapshot by Paul Stastny.
8:26 of 3rd period - Stopped by Ray Emery without a rebound.
8:27 of 3rd period - Marc Savard wins face-off versus Peter Forsberg in Flyers zone.
8:38 of 3rd period - Wrist shot by Marc Savard.
8:38 of 3rd period - Stopped by Marc-André Fleury without a rebound.
8:39 of 3rd period - Peter Forsberg wins face-off versus Marc Savard in Maple Leafs zone.
8:39 of 3rd period - Claude Giroux is hit by Steve Montador and loses puck.
9:06 of 3rd period - Pavel Vorobiev is hit by Brad Boyes and loses puck.
9:49 of 3rd period - Snap shot by Brad Boyes.
9:49 of 3rd period - Deflect By Derek Roy.
9:49 of 3rd period - Stopped by Ray Emery with a rebound.
10:08 of 3rd period - Minor Penalty to Zach Parise for Roughing.
10:09 of 3rd period - Peter Forsberg wins face-off versus Marc Savard in Maple Leafs zone.
10:47 of 3rd period - Slapshot by Ed Jovanovski.
10:47 of 3rd period - Shot Blocked by Andy Hilbert.
10:55 of 3rd period - Wrist shot by Loui Eriksson.
10:55 of 3rd period - Stopped by Marc-André Fleury without a rebound.
10:56 of 3rd period - Peter Forsberg wins face-off versus Marcel Goc in Maple Leafs zone.
10:56 of 3rd period - Peter Forsberg is hit by Pavel Vorobiev.
11:26 of 3rd period - Snap shot by Pavel Vorobiev.
11:26 of 3rd period - Stopped by Marc-André Fleury with a rebound.
11:58 of 3rd period - Loui Eriksson is hit by Derek Roy and loses puck.
12:08 of 3rd period - Penalty to Zach Parise is over, Zach Parise is back on ice.
12:23 of 3rd period - Paul Stastny is hit by Eric Godard.
13:10 of 3rd period - Brent Burns is hit by Steve Montador and loses puck.
13:18 of 3rd period - Icing by Paul Stastny.
13:19 of 3rd period - Paul Stastny wins face-off versus Kyle Wellwood in Maple Leafs zone.
13:58 of 3rd period - Paul Stastny is hit by Mark Bell and loses puck.
15:08 of 3rd period - Slapshot by Jordan Leopold.
15:08 of 3rd period - Stopped by Ray Emery with a rebound.
15:30 of 3rd period - Wrist shot by Jeff O'Neill.
15:30 of 3rd period - Stopped by Marc-André Fleury without a rebound.
15:31 of 3rd period - Peter Forsberg wins face-off versus Marc Savard in Maple Leafs zone.
16:19 of 3rd period - Wrist shot by Peter Forsberg.
16:19 of 3rd period - Stopped by Ray Emery with a rebound.
16:21 of 3rd period - Slapshot by Brent Burns.
16:21 of 3rd period - Stopped by Ray Emery without a rebound.
16:22 of 3rd period - Marcel Goc wins face-off versus Derek Roy in Flyers zone.
16:26 of 3rd period - Off-side.
16:27 of 3rd period - Marcel Goc wins face-off versus Derek Roy in neutral zone.
16:42 of 3rd period - Snap shot by Marcel Goc.
16:42 of 3rd period - Stopped by Marc-André Fleury with a rebound.
17:20 of 3rd period - Snap shot by Pavel Vorobiev.
17:20 of 3rd period - Shot Blocked by Jordan Leopold.
18:22 of 3rd period - Nolan Pratt is hit by Byron Bitz and loses puck.
18:33 of 3rd period - Slapshot by Peter Forsberg.
18:33 of 3rd period - Shot Misses the Net.
18:35 of 3rd period - Snap shot by Peter Forsberg.
18:35 of 3rd period - Shot Misses the Net.
18:39 of 3rd period - Snap shot by Peter Forsberg.
18:39 of 3rd period - Shot Blocked by Matt Jones.
18:57 of 3rd period - Nolan Pratt is hit by Eric Brewer and loses puck.
19:00 of 3rd period - Maple Leafs, Marc-André Fleury is pulled from the net.
19:53 of 3rd period - Backhand shot by Peter Forsberg.
19:53 of 3rd period - Goal by Peter Forsberg - Flyers : 3 - Maple Leafs : 3.
19:53 of 3rd period - Marc-André Fleury from Maple Leafs was sent back in the game.
19:54 of 3rd period - Kyle Wellwood wins face-off versus Byron Bitz in neutral zone.

Overtime #1


0:01 of 1st overtime period - Peter Forsberg wins face-off versus Marc Savard in neutral zone.
0:03 of 1st overtime period - Off-side.
0:04 of 1st overtime period - Peter Forsberg wins face-off versus Marc Savard in neutral zone.
1:18 of 1st overtime period - Snap shot by Claude Giroux.
1:18 of 1st overtime period - Stopped by Ray Emery without a rebound.
1:19 of 1st overtime period - Zach Parise wins face-off versus Mark Bell in Flyers zone.
1:26 of 1st overtime period - Wrist shot by Zach Parise.
1:26 of 1st overtime period - Shot Misses the Net.
1:34 of 1st overtime period - Slapshot by Andrei Kostitsyn.
1:34 of 1st overtime period - Shot Misses the Net.
2:04 of 1st overtime period - Steve Montador is hit by Brett Clark and loses puck.
3:26 of 1st overtime period - Brett Clark is hit by Nolan Pratt and loses puck.
4:25 of 1st overtime period - Slapshot by Andrei Kostitsyn.
4:25 of 1st overtime period - Shot Misses the Net.

ShootOut


5:00 of 1st overtime period - Penalty Shot by Marc Savard for Flyers.
5:00 of 1st overtime period - Backhand shot by Marc Savard.
5:00 of 1st overtime period - Shot Misses the Net.
5:00 of 1st overtime period - Penalty Shot by Peter Forsberg for Maple Leafs.
5:00 of 1st overtime period - Deke by Peter Forsberg.
5:00 of 1st overtime period - Goal by Peter Forsberg.
5:00 of 1st overtime period - Penalty Shot by Simon Gagné for Flyers.
5:00 of 1st overtime period - Wrist shot by Simon Gagné.
5:00 of 1st overtime period - Goal by Simon Gagné.
5:00 of 1st overtime period - Penalty Shot by Claude Giroux for Maple Leafs.
5:00 of 1st overtime period - Snap shot by Claude Giroux.
5:00 of 1st overtime period - Shot Misses the Net.
5:00 of 1st overtime period - Penalty Shot by Jeff O'Neill for Flyers.
5:00 of 1st overtime period - Backhand shot by Jeff O'Neill.
5:00 of 1st overtime period - Shot Misses the Net.
5:00 of 1st overtime period - Penalty Shot by Zach Parise for Maple Leafs.
5:00 of 1st overtime period - Deke by Zach Parise.
5:00 of 1st overtime period - Stopped by Ray Emery.
5:00 of 1st overtime period - Penalty Shot by Pavel Vorobiev for Flyers.
5:00 of 1st overtime period - Snap shot by Pavel Vorobiev.
5:00 of 1st overtime period - Stopped by Marc-André Fleury.
5:00 of 1st overtime period - Penalty Shot by Brad Boyes for Maple Leafs.
5:00 of 1st overtime period - Wrist shot by Brad Boyes.
5:00 of 1st overtime period - Stopped by Ray Emery.
5:00 of 1st overtime period - Penalty Shot by Loui Eriksson for Flyers.
5:00 of 1st overtime period - Backhand shot by Loui Eriksson.
5:00 of 1st overtime period - Goal by Loui Eriksson.
5:00 of 1st overtime period - Penalty Shot by Derek Roy for Maple Leafs.
5:00 of 1st overtime period - Backhand shot by Derek Roy.
5:00 of 1st overtime period - Shot Misses the Net.


Output by the SimonT Hockey Simulator (STHS) for François Prévost -- Original Page W3C XHTML 1.0 Valid
Hockey Simulator - Hockey Simulation - Hockey Manager